[Event "ICC tourney 2822 (30 10)"]
[Site "Internet Chess Club"]
[Date "2022.02.12"]
[Round "2"]
[White "Kale, Shubham:shubham07"]
[Black "AYYAPPAN, ANUSHKA:Anushkaa"]
[Result "0-1"]
[ICCResult "White checkmated"]
[WhiteElo "1417"]
[BlackElo "1251"]
[Opening "English opening"]
[ECO "A16"]
[NIC "EO.64"]
[Time "14:00:22"]
[PlyCount "112"]
[TimeControl "1800+10"]

1. c4 Nf6 2. Nc3 g6 3. e4 d6 4. g3 Bg7 5. Bg2 O-O 6. Nge2 Nbd7 7. O-O a6 8.
h3 Ne5 9. d3 c5 10. Kh2 Nc6 11. f4 Nd7 12. g4 Nd4 13. f5 Nxe2 14. Qxe2 Ne5
15. g5 Bd7 16. Nd5 e6 17. f6 exd5 18. fxg7 Kxg7 19. cxd5 Bb5 20. Rd1 Re8 21.
a4 Bd7 22. b3 b5 23. Bb2 Qxg5 24. Rf1 Kg8 25. Qf2 f5 26. Bxe5 Rxe5 27. Ra2
Rb8 28. d4 cxd4 29. Qxd4 bxa4 30. bxa4 Qd8 31. a5 Qe8 32. Re1 fxe4 33. Rxe4
Rxe4 34. Bxe4 Qf8 35. Rf2 Qe7 36. Rg2 Qe5+ 37. Qxe5 dxe5 38. Bd3 Rb3 39.
Bxa6 Rxh3+ 40. Kg1 Ra3 41. Bb7 Rxa5 42. Bc6 Bxc6 43. dxc6 Rc5 44. Re2 Kf7
45. Rxe5 Rxe5 46. c7 Rc5 47. c8=Q Rxc8 48. Kf2 g5 49. Kg3 h5 50. Kh3 Rc3+
51. Kg2 g4 52. Kh2 h4 53. Kg2 Rc2+ 54. Kh1 h3 55. Kg1 g3 56. Kh1 Rc1#
{White checkmated}
0-1

[Event "ICC tourney 2822 (30 10)"]
[Site "Internet Chess Club"]
[Date "2022.02.12"]
[Round "2"]
[White "HARRIS, ISAAC LOTT:isaaclharris"]
[Black "HANKE, HARVEY:ThinkingPanda"]
[Result "1-0"]
[ICCResult "Black forfeits on time"]
[WhiteElo "1509"]
[BlackElo "1551"]
[Opening "Trompowsky attack (Ruth, Opocenský opening)"]
[ECO "A45"]
[NIC "QP.07"]
[Time "14:00:19"]
[PlyCount "39"]
[TimeControl "1800+10"]

1. d4 Nf6 2. Bg5 Ne4 3. h4 c5 4. e3 Nxg5 5. hxg5 e6 6. Nf3 d5 7. c4 g6 8.
Nc3 Bg7 9. cxd5 exd5 10. dxc5 Qa5 11. Rc1 Nc6 12. Qxd5 Be6 13. Qe4 O-O-O 14.
Bc4 Rhe8 15. Bxe6+ Rxe6 16. Qf4 Qa6 17. Rxh7 Rd4 18. Qxf7 Nb4 19. Nxd4 Nd3+
20. Kd2 {Black forfeits on time} 1-0

[Event "ICC tourney 2822 (30 10)"]
[Site "Internet Chess Club"]
[Date "2022.02.12"]
[Round "2"]
[White "Wang, Bohan:BohanChess"]
[Black "Mason, Mike W:MikeWMason"]
[Result "1-0"]
[ICCResult "Black resigns"]
[WhiteElo "1252"]
[BlackElo "1507"]
[Opening "Queen's gambit accepted"]
[ECO "D23"]
[NIC "QP.09"]
[Time "14:02:34"]
[PlyCount "143"]
[TimeControl "1800+10"]

1. Nf3 d5 2. d4 Nf6 3. c4 dxc4 4. Na3 c5 5. Qa4+ Bd7 6. Qxc4 cxd4 7. Nxd4 e5
8. Ndb5 Nc6 9. Bg5 Bb4+ 10. Nc3 O-O 11. g3 h6 12. Bxf6 Qxf6 13. Nc2 Ba5 14.
Bg2 Rac8 15. O-O Nb4 16. Qb3 Be6 17. Qa4 Nxc2 18. Qxc2 Rc7 19. Qa4 Bxc3 20.
bxc3 b6 21. Rab1 Rfc8 22. Rfc1 Bc4 23. Rb2 Qe6 24. Rd2 e4 25. Rd4 e3 26. Re4
exf2+ 27. Kxf2 Qf5+ 28. Bf3 Qc5+ 29. Kg2 b5 30. Qc2 Bd5 31. Rf4 Bxf3+ 32.
Rxf3 b4 33. Qa4 Re7 34. Qa6 Qc4 35. Qxc4 Rxc4 36. Kf2 Rec7 37. Rd3 a5 38.
Ke1 a4 39. Kd2 b3 40. axb3 axb3 41. Rd8+ Kh7 42. Rb8 Rd7+ 43. Ke1 Kg6 44.
Rxb3 Kg5 45. h3 h5 46. Rb4 Rdc7 47. Rxc4 Rxc4 48. e3 h4 49. g4 f5 50. gxf5
Kxf5 51. Ke2 Ke4 52. Rg1 Kf5 53. Kd3 Ra4 54. Rxg7 Ra1 55. e4+ Kf4 56. Rg4+
Ke5 57. Rxh4 Rd1+ 58. Kc4 Re1 59. Rg4 Rh1 60. h4 Rh3 61. Kb4 Rh1 62. c4 Kd4
63. Kb5 Rb1+ 64. Kc6 Rd1 65. c5 Ke5 66. Kb7 Rd7+ 67. Kc8 Rh7 68. c6 Rh8+ 69.
Kb7 Kd6 70. Rg6+ Ke5 71. c7 Rh7 72. Kb8 {Black resigns} 1-0

[Event "ICC tourney 2822 (30 10)"]
[Site "Internet Chess Club"]
[Date "2022.02.12"]
[Round "2"]
[White "Sreekumar, Gauri:gsgirl"]
[Black "Lin, James:MeLikeGame"]
[Result "0-1"]
[ICCResult "White resigns"]
[WhiteElo "1448"]
[BlackElo "1392"]
[Opening "Danish gambit"]
[ECO "C21"]
[NIC "KP.04"]
[Time "14:00:25"]
[PlyCount "132"]
[TimeControl "1800+10"]

1. e4 e5 2. d4 exd4 3. c3 dxc3 4. Bc4 Nc6 5. Qb3 Ne5 6. Be2 d6 7. Nxc3 Be6
8. Qa4+ c6 9. f4 b5 10. Qc2 Nc4 11. Nf3 g6 12. b3 Nb6 13. O-O Ne7 14. Rd1
Bg7 15. Bb2 O-O 16. Qd2 d5 17. exd5 Nbxd5 18. Nxd5 Nxd5 19. Ne5 Rc8 20. Rac1
Qb6+ 21. Kh1 Rfd8 22. Qc2 Nxf4 23. Rxd8+ Rxd8 24. Bf3 Bd5 25. Bxd5 Nxd5 26.
Nxc6 Bxb2 27. Qxb2 Rc8 28. Ne5 Rxc1+ 29. Qxc1 Qc7 30. Qe1 Qc3 31. Qxc3 Nxc3
32. Nc6 a6 33. Nb8 a5 34. Nc6 a4 35. bxa4 bxa4 36. Nb4 Kg7 37. Kg1 Kf6 38.
Kf2 Ke5 39. Ke3 Nd5+ 40. Nxd5 Kxd5 41. Kd3 Kc5 42. a3 f5 43. g3 h5 44. h4
Kd5 45. Ke3 Kc4 46. Kf4 Kb3 47. Kg5 Kxa3 48. Kxg6 Kb2 49. Kxh5 a3 50. Kg6 a2
51. h5 a1=Q 52. h6 Qa8 53. Kxf5 Qg8 54. g4 Kc3 55. g5 Kd4 56. g6 Kd5 57. g7
Qh7+ 58. Kg4 Ke6 59. Kg5 Kf7 60. Kh5 Qg6+ 61. Kh4 Qxh6+ 62. Kg4 Qxg7+ 63.
Kh4 Qg6 64. Kh3 Qg5 65. Kh2 Qg4 66. Kh1 Kf6 {White resigns} 0-1

[Event "ICC tourney 2822 (30 10)"]
[Site "Internet Chess Club"]
[Date "2022.02.12"]
[Round "2"]
[White "JACOBS, STEVE:Steviejay"]
[Black "ZHUGE, KATHERINE:FlowingMelody"]
[Result "0-1"]
[ICCResult "White resigns"]
[WhiteElo "1229"]
[BlackElo "1409"]
[Opening "Queen's pawn game"]
[ECO "D02"]
[NIC "QP.08"]
[Time "14:00:33"]
[PlyCount "108"]
[TimeControl "1800+10"]

1. d4 d5 2. Nf3 e6 3. c3 Be7 4. Bf4 Nf6 5. h3 c5 6. Nbd2 Nc6 7. e3 O-O 8.
Bd3 c4 9. Bc2 b5 10. O-O Bb7 11. Ne5 Nxe5 12. Bxe5 a5 13. Bxf6 Bxf6 14. Qh5
g6 15. Qg4 Bg7 16. Nf3 b4 17. Ba4 bxc3 18. bxc3 Ba6 19. Rfb1 Rb8 20. Nd2 Qc7
21. h4 Rxb1+ 22. Rxb1 Rb8 23. Qd1 Bf8 24. Qc2 Rb6 25. Rxb6 Qxb6 26. Qb1
Qxb1+ 27. Nxb1 Bd6 28. Kf1 Kf8 29. Ke2 Ke7 30. f4 Bc8 31. Kd1 Bd7 32. Bc2 f6
33. Kc1 e5 34. fxe5 fxe5 35. Bd1 exd4 36. exd4 Kf6 37. Kd2 Bf5 38. Bc2 Bxc2
39. Kxc2 Kf5 40. Nd2 Be7 41. g3 Kg4 42. Nf1 Bd6 43. Ne3+ Kxg3 44. Nxd5 Kxh4
45. Nb6 g5 46. Nxc4 Bc7 47. Ne5 Bxe5 48. dxe5 Kh5 49. Kd2 Kg6 50. c4 Kf5 51.
Ke3 Kxe5 52. c5 Kd5 53. Kf3 Kxc5 54. Kg4 h6 {White resigns} 0-1

[Event "ICC tourney 2822 (30 10)"]
[Site "Internet Chess Club"]
[Date "2022.02.12"]
[Round "2"]
[White "WANG, MAXWELL GEORG:MaxWang"]
[Black "SAHNI, HARTEJ:hartej"]
[Result "1-0"]
[ICCResult "Black resigns"]
[WhiteElo "1692"]
[BlackElo "1476"]
[Opening "Sicilian"]
[ECO "B50"]
[NIC "SI.01"]
[Time "14:00:24"]
[PlyCount "135"]
[TimeControl "1800+10"]

1. e4 c5 2. Nf3 d6 3. c3 Nf6 4. Be2 e6 5. O-O Be7 6. Re1 O-O 7. Bf1 Bd7 8.
d4 cxd4 9. cxd4 Bc6 10. Nc3 d5 11. e5 Nfd7 12. Bd3 h6 13. Bf4 f5 14. exf6
Rxf6 15. Bg3 Nf8 16. Qe2 a6 17. Ne5 Nbd7 18. Qg4 Nxe5 19. Bxe5 Rf7 20. Ne2
Bb4 21. Nc3 Bd6 22. Rac1 Bxe5 23. dxe5 Qb6 24. Qe2 Rd8 25. Red1 Rdd7 26. Bc2
Qd8 27. Rd4 Qg5 28. Rcd1 Rf4 29. Rxf4 Qxf4 30. Nb1 Bb5 31. Bd3 Bxd3 32. Rxd3
Ng6 33. Rd1 Qxe5 34. Qc2 Ne7 35. Nd2 Rc7 36. Qb3 Nf5 37. Nf3 Qd6 38. Qd3 Qc6
39. Qe2 Re7 40. Ne5 Qc8 41. Ng6 Re8 42. Qe5 Qd7 43. Re1 Qd6 44. Qc3 d4 45.
Qd3 Qb4 46. Re2 Qb5 47. Qf3 Rc8 48. h3 d3 49. Rd2 Kf7 50. Nf4 Rc1+ 51. Kh2
Rc2 52. Rxd3 Rxb2 53. Qh5+ Ke7 54. Ng6+ Kf6 55. Rd8 Qc5 56. Rf8+ Qxf8 57.
Nxf8 Rxf2 58. Nd7+ Ke7 59. Ne5 Rf1 60. Qf7+ Kd6 61. Nc4+ Kd5 62. Qxb7+ Kd4
63. Qxa6 Rc1 64. Qxe6 Rxc4 65. Qxf5 Kc3 66. Qe5+ Kc2 67. Qxg7 Ra4 68. Qf7
{Black resigns}
1-0

[Event "ICC tourney 2822 (30 10)"]
[Site "Internet Chess Club"]
[Date "2022.02.12"]
[Round "2"]
[White "BRUDNO, STEPHEN:StevChess01"]
[Black "WU, WINSTON:K01-30022609"]
[Result "1/2-1/2"]
[ICCResult "Black stalemated"]
[WhiteElo "1400"]
[BlackElo "1441"]
[Opening "QGD: Charousek (Petrosian) variation"]
[ECO "D31"]
[NIC "QP.08"]
[Time "14:00:32"]
[PlyCount "109"]
[TimeControl "1800+10"]

1. d4 d5 2. c4 e6 3. Nc3 Be7 4. Nf3 Nf6 5. cxd5 exd5 6. Bg5 h6 7. Bh4 O-O 8.
e3 b6 9. Qc2 Bb7 10. Bd3 Nc6 11. a3 a6 12. O-O Qd6 13. Bg3 Qd8 14. h3 b5 15.
b4 Re8 16. Rfc1 Nh5 17. Bh2 Bd6 18. Bxd6 Qxd6 19. Ne2 Nf6 20. Ng3 Nd7 21.
Nf5 Qe6 22. Ng3 Nb6 23. Re1 Qf6 24. Qc5 Re6 25. Qc2 Rae8 26. Nh5 Qe7 27. Nf4
Rd6 28. Rac1 Na4 29. Qb3 Qd8 30. Bb1 Rf8 31. Qc2 f5 32. Ne5 Nxe5 33. dxe5
Rc6 34. Qd2 Rxc1 35. Rxc1 Qe7 36. Nxd5 Qxe5 37. Ba2 Kh8 38. Nf4 Qf6 39. Rxc7
Bc8 40. Qc2 Nb6 41. Rc6 Qa1+ 42. Kh2 Bd7 43. Ng6+ Kh7 44. Nxf8+ Kh8 45. Nxd7
Nxd7 46. Rc8+ Kh7 47. Qxf5+ g6 48. Qxd7+ Qg7 49. Qxg7+ Kxg7 50. Rc6 Kh8 51.
Rxg6 Kh7 52. Rxa6 h5 53. a4 h4 54. axb5 Kh8 55. Ra7 {Black stalemated}
1/2-1/2

[Event "ICC tourney 2822 (30 10)"]
[Site "Internet Chess Club"]
[Date "2022.02.12"]
[Round "3"]
[White "Dungi, Santosh:santoshroopak"]
[Black "WANG, MAXWELL GEORG:MaxWang"]
[Result "1-0"]
[ICCResult "Black resigns"]
[WhiteElo "1650"]
[BlackElo "1692"]
[Opening "Bishop's opening"]
[ECO "C23"]
[NIC "IG.04"]
[Time "16:00:14"]
[PlyCount "65"]
[TimeControl "1800+10"]

1. e4 e5 2. Bc4 Nc6 3. Qf3 Nf6 4. Ne2 Bc5 5. d3 h6 6. Nbc3 d6 7. O-O O-O 8.
Qg3 Kh8 9. Kh1 a6 10. a3 Ba7 11. Qh4 Kh7 12. f4 exf4 13. Bxf4 Ne5 14. Bg5
Be6 15. Rxf6 gxf6 16. Qxh6+ Kg8 17. Bxf6 Qxf6 18. Qxf6 Ng4 19. Qg5+ Kh7 20.
Qh4+ Kg7 21. h3 Rh8 22. Qg5+ Kf8 23. Bxe6 Nf2+ 24. Kh2 fxe6 25. Rf1 Ke8 26.
d4 Rf8 27. Kg1 e5 28. Rxf2 Rxf2 29. Kxf2 exd4 30. Qg8+ Kd7 31. Qxa8 dxc3+
32. Qxa7 cxb2 33. Qxb7 {Black resigns} 1-0

[Event "ICC tourney 2822 (30 10)"]
[Site "Internet Chess Club"]
[Date "2022.02.12"]
[Round "3"]
[White "ORYE, MATTHEW:GrandWizard"]
[Black "GOKULRAJ, DARSHAN:Dolphinwantsgm"]
[Result "1-0"]
[ICCResult "Black resigns"]
[WhiteElo "1669"]
[BlackElo "992"]
[Opening "Queen's pawn: London system"]
[ECO "A45"]
[NIC "QP.07"]
[Time "16:00:17"]
[PlyCount "109"]
[TimeControl "1800+10"]

1. d4 Nf6 2. Bf4 d5 3. e3 Bf5 4. Bd3 Bxd3 5. cxd3 c5 6. Bxb8 Rxb8 7. Qa4+
Nd7 8. dxc5 e6 9. d4 a6 10. Nf3 Be7 11. Ne5 f6 12. Nxd7 Qxd7 13. Qxd7+ Kxd7
14. Nc3 b5 15. b4 Rhc8 16. Kd2 Bd8 17. Rhb1 Kc6 18. a4 Ra8 19. axb5+ axb5
20. Ke2 h5 21. h3 g5 22. f4 gxf4 23. exf4 f5 24. g3 Bc7 25. Kf3 Rg8 26. h4
Rgf8 27. Nd1 Rfb8 28. Nf2 Ra4 29. Nd3 Rba8 30. Rxa4 bxa4 31. b5+ Kb7 32. b6
Bb8 33. Ne5 Bxe5 34. fxe5 a3 35. Kf4 Ra4 36. c6+ Ka6 37. b7 Rxd4+ 38. Kg5
Rg4+ 39. Kf6 a2 40. Ra1 Ka7 41. Rxa2+ Kb8 42. Ra8+ Kc7 43. Rc8+ Kb6 44.
b8=Q+ Kc5 45. Qd6+ Kd4 46. Ra8 Ke3 47. Ra3+ Kf2 48. Qc5+ Kg2 49. Qc2+ Kh3
50. Qf2 d4 51. Rd3 Rg6+ 52. Kxg6 Kg4 53. Qf4+ Kh3 54. g4+ Kg2 55. Rd2+
{Black resigns}
1-0

[Event "ICC tourney 2822 (30 10)"]
[Site "Internet Chess Club"]
[Date "2022.02.12"]
[Round "3"]
[White "Lin, James:MeLikeGame"]
[Black "JIMENEZ, LUIS A:eltuna"]
[Result "0-1"]
[ICCResult "White checkmated"]
[WhiteElo "1392"]
[BlackElo "1440"]
[Opening "Caro-Kann: advance variation"]
[ECO "B12"]
[NIC "CK.04"]
[Time "16:00:24"]
[PlyCount "102"]
[TimeControl "1800+10"]

1. e4 c6 2. d4 d5 3. e5 Bf5 4. Nd2 e6 5. Nb3 Nd7 6. Nf3 c5 7. c3 c4 8. Nbd2
b5 9. Be2 Ne7 10. O-O Nc6 11. b3 Be7 12. Re1 O-O 13. Nf1 a5 14. Ng3 Bg6 15.
Be3 Nb6 16. Qd2 Qb8 17. Bd1 Rc8 18. Bc2 Bxc2 19. Qxc2 Qc7 20. Rec1 Rab8 21.
Bg5 cxb3 22. axb3 Nxd4 23. Nxd4 Bxg5 24. Nxb5 Qc5 25. Nd6 Rc6 26. Qd1 Bxc1
27. Rxc1 Nc8 28. Qg4 Nxd6 29. exd6 Qxd6 30. Nh5 Qe5 31. h3 g6 32. f4 Qxh5
33. Qg3 Rbc8 34. Qe3 d4 35. Qd3 Rxc3 36. Rxc3 Rxc3 37. Qxd4 Qc5 38. Qxc5
Rxc5 39. Kf2 Rb5 40. Ke2 Rxb3 41. Kd2 a4 42. Kc2 Kg7 43. h4 f6 44. g4 e5 45.
fxe5 fxe5 46. g5 e4 47. Kd2 e3+ 48. Kc2 e2 49. Kd2 Rb2+ 50. Kc1 a3 51. h5
e1=R# {White checkmated} 0-1

[Event "ICC tourney 2822 (30 10)"]
[Site "Internet Chess Club"]
[Date "2022.02.12"]
[Round "3"]
[White "Thomas, Mitchell:byumitchell"]
[Black "HANKE, HARVEY:ThinkingPanda"]
[Result "0-1"]
[ICCResult "White resigns"]
[WhiteElo "1329"]
[BlackElo "1551"]
[Opening "Giuoco Piano"]
[ECO "C44"]
[NIC "SO.06"]
[Time "16:00:16"]
[PlyCount "54"]
[TimeControl "1800+10"]

1. e4 e5 2. Nf3 Nc6 3. d4 exd4 4. Bc4 Bc5 5. c3 Nf6 6. cxd4 Bb4+ 7. Bd2
Bxd2+ 8. Nbxd2 d5 9. exd5 Nxd5 10. O-O O-O 11. a3 Bg4 12. Bxd5 Qxd5 13. h3
Bh5 14. g4 Bg6 15. Nb3 Be4 16. Ne5 Bg2 17. Nxc6 bxc6 18. Nc5 Bxf1 19. Qxf1
Qxd4 20. Nd3 f5 21. Rd1 fxg4 22. Nb4 Qf4 23. Nxc6 Qe4 24. Rd5 g3 25. f3 Rxf3
26. Ne7+ Kh8 27. Ng6+ hxg6 {White resigns} 0-1

[Event "ICC tourney 2822 (30 10)"]
[Site "Internet Chess Club"]
[Date "2022.02.12"]
[Round "3"]
[White "ANGEL, BORYS:BArkadia"]
[Black "GUO, MAX:salamenceg"]
[Result "0-1"]
[ICCResult "White resigns"]
[WhiteElo "1432"]
[BlackElo "1140"]
[Opening "Evans gambit"]
[ECO "C52"]
[NIC "IG.05"]
[Time "16:00:16"]
[PlyCount "69"]
[TimeControl "1800+10"]

1. e4 e5 2. Nf3 Nc6 3. Bc4 Bc5 4. b4 Bxb4 5. c3 Ba5 6. d4 exd4 7. Nxd4 Nge7
8. Nxc6 Nxc6 9. Qh5 O-O 10. O-O Qf6 11. Bg5 Qe5 12. Qh4 d6 13. Nd2 Qxc3 14.
Rac1 Qb2 15. Nf3 Be6 16. Bd3 Ne5 17. Rc2 Nxf3+ 18. gxf3 Qe5 19. f4 Qd4 20.
f5 Qxd3 21. f6 Qxc2 22. Bh6 Qe2 23. h3 Bc3 24. Bxg7 Bxh3 25. Qxh3 Qxe4 26.
Kh2 Be5+ 27. f4 Bxf4+ 28. Rxf4 Qxf4+ 29. Kg2 Qg5+ 30. Kf2 Rfe8 31. Qb3 Qd2+
32. Kf3 Re3+ 33. Qxe3 Qxe3+ 34. Kxe3 Re8+ 35. Kd4 {White resigns} 0-1

[Event "ICC tourney 2822 (30 10)"]
[Site "Internet Chess Club"]
[Date "2022.02.12"]
[Round "3"]
[White "AYYAPPAN, ANUSHKA:Anushkaa"]
[Black "BOGIN, THEODORE:tbogin1"]
[Result "1-0"]
[ICCResult "Black checkmated"]
[WhiteElo "1251"]
[BlackElo "1433"]
[Opening "KP: Nimzovich defense"]
[ECO "B00"]
[NIC "VO.06"]
[Time "16:06:45"]
[PlyCount "97"]
[TimeControl "1800+10"]

1. e4 Nc6 2. d4 d5 3. exd5 Qxd5 4. Nf3 Bg4 5. Nc3 Qa5 6. Be2 O-O-O 7. Be3 e5
8. d5 Bxf3 9. Bxf3 Nf6 10. O-O Nb4 11. Bg5 h6 12. Bxf6 gxf6 13. a3 Nxd5 14.
Bxd5 f5 15. Qf3 c6 16. Qxf5+ Kb8 17. Bxf7 Bd6 18. Bc4 Rdf8 19. Qe4 Rf4 20.
Qe2 Qc7 21. Ne4 Be7 22. Bd3 c5 23. b3 Rc8 24. Nc3 Rd8 25. Bc4 Rh4 26. Nd5
Qd6 27. Nxe7 Qxe7 28. Rfe1 e4 29. f3 Qe5 30. g3 Rh3 31. f4 Qd6 32. Qxe4 Qd2
33. Qe2 Qd4+ 34. Qe3 Qb2 35. Qe5+ Qxe5 36. Rxe5 Rd2 37. Re2 Rd4 38. Rae1 a6
39. Re8+ Ka7 40. Be2 Rd2 41. Rc1 c4 42. bxc4 Kb6 43. c3 Ka5 44. Re5+ Ka4 45.
Kg2 Rh5 46. Rxh5 Rxe2+ 47. Kg1 Kxa3 48. Rb1 Re7 49. Ra5# {Black checkmated}
1-0

[Event "ICC tourney 2822 (30 10)"]
[Site "Internet Chess Club"]
[Date "2022.02.12"]
[Round "3"]
[White "LING, CHENXUAN:UnicornMM"]
[Black "Wang, Bohan:BohanChess"]
[Result "1-0"]
[ICCResult "Black resigns"]
[WhiteElo "1675"]
[BlackElo "1252"]
[Opening "Grünfeld: modern exchange variation"]
[ECO "D85"]
[NIC "GI.04"]
[Time "16:00:18"]
[PlyCount "93"]
[TimeControl "1800+10"]

1. d4 Nf6 2. c4 g6 3. Nc3 d5 4. cxd5 Nxd5 5. e4 Nxc3 6. bxc3 Bg7 7. Nf3 c5
8. Be3 Nc6 9. Bb5 Qb6 10. Rb1 Qc7 11. O-O a6 12. Be2 Bg4 13. d5 Ne5 14. Nxe5
Bxe2 15. Qxe2 Bxe5 16. f4 Bxc3 17. Rfc1 Bg7 18. Rxc5 Qd7 19. Rbc1 Rb8 20.
Rc7 Qd8 21. Bb6 O-O 22. Be3 Qd6 23. Qc4 Qa3 24. Bc5 Qb2 25. Bxe7 b5 26. Qd3
Qd4+ 27. Qxd4 Bxd4+ 28. Kh1 Bb6 29. R7c6 Rfe8 30. d6 Kg7 31. e5 Bd8 32. Bxd8
Rbxd8 33. Rxa6 Ra8 34. Rxa8 Rxa8 35. Rc2 b4 36. g3 Kf8 37. Kg2 Ke8 38. Kf3
Kd7 39. Ke4 f5+ 40. Kd4 Ra7 41. Kd5 Ra5+ 42. Rc5 Rxa2 43. e6+ Kd8 44. e7+
Kd7 45. Rc7+ Ke8 46. Rc8+ Kf7 47. e8=Q+ {Black resigns} 1-0

[Event "ICC tourney 2822 (30 10)"]
[Site "Internet Chess Club"]
[Date "2022.02.12"]
[Round "3"]
[White "SAHNI, HARTEJ:hartej"]
[Black "ZHUGE, KATHERINE:FlowingMelody"]
[Result "1/2-1/2"]
[ICCResult "Game drawn by mutual agreement"]
[WhiteElo "1476"]
[BlackElo "1409"]
[Opening "Sicilian: Anderssen variation"]
[ECO "B41"]
[NIC "SI.41"]
[Time "16:00:14"]
[PlyCount "78"]
[TimeControl "1800+10"]

1. e4 c5 2. Nf3 e6 3. d4 cxd4 4. Nxd4 Nf6 5. Bd3 Nc6 6. Nf3 d5 7. exd5 Nxd5
8. c3 Be7 9. O-O O-O 10. Bc2 Nf6 11. Bg5 b6 12. Qxd8 Rxd8 13. Nbd2 Bb7 14.
Rad1 h6 15. Bxf6 Bxf6 16. Ne4 Be7 17. Rxd8+ Rxd8 18. Rd1 Rxd1+ 19. Bxd1 Nb8
20. Ned2 Nd7 21. Nb3 Nf6 22. Be2 Kf8 23. Kf1 Bd6 24. h3 Ke7 25. Nfd4 Nd5 26.
Nb5 a6 27. Nxd6 Kxd6 28. Bf3 Kc7 29. Nc1 Nf4 30. Bxb7 Kxb7 31. h4 Kc6 32. g3
Nd5 33. Nd3 Kd6 34. Ke2 e5 35. c4 Ne7 36. Nb4 a5 37. Nc2 Nc6 38. Kd3 f6 39.
b3 h5 {Game drawn by mutual agreement} 1/2-1/2

[Event "ICC tourney 2822 (30 10)"]
[Site "Internet Chess Club"]
[Date "2022.02.12"]
[Round "3"]
[White "Garner, Christian:ChristianJRG"]
[Black "BRUDNO, STEPHEN:StevChess01"]
[Result "0-1"]
[ICCResult "White checkmated"]
[WhiteElo "1608"]
[BlackElo "1400"]
[Opening "English opening"]
[ECO "A21"]
[NIC "EO.23"]
[Time "16:00:16"]
[PlyCount "174"]
[TimeControl "1800+10"]

1. c4 e5 2. Nc3 g6 3. g3 Bg7 4. Bg2 c6 5. e4 Ne7 6. Nge2 O-O 7. O-O d6 8. d4
Qc7 9. dxe5 dxe5 10. h3 a5 11. Rb1 Na6 12. Be3 Be6 13. c5 Rfd8 14. Qc1 Nc8
15. a3 Bf8 16. Na4 Ba2 17. Ra1 Bb3 18. Nb6 Nxb6 19. cxb6 Qd7 20. Qc3 Qe6 21.
f4 f6 22. f5 gxf5 23. Rxf5 Bc4 24. Re1 Rd3 25. Qc1 Rxe3 26. Qxe3 Bc5 27.
Qxc5 Nxc5 28. Nc3 Nd3 29. Ref1 Kg7 30. h4 Nf4 31. gxf4 Bxf1 32. Kxf1 Qc4+
33. Kg1 exf4 34. Rxf4 Qd4+ 35. Kh1 Kh6 36. Rf1 Rg8 37. e5 Qxh4+ 38. Kg1 Qd4+
39. Kh1 Qxe5 40. Ne4 Qh5+ 41. Kg1 f5 42. Nf6 Rxg2+ 43. Kxg2 Qg6+ 44. Kf3
Qxf6 45. Kf4 Qg5+ 46. Ke5 f4+ 47. Ke6 Qd5+ 48. Kf6 Qd4+ 49. Ke7 Qe5+ 50. Kd8
Qd6+ 51. Kc8 Kg5 52. Kxb7 c5 53. Rg1+ Kf6 54. Ka7 c4 55. Rg8 Kf7 56. Rc8 f3
57. Rxc4 f2 58. Rc1 Qd4 59. Ka6 Qd3+ 60. Ka7 f1=Q 61. Rxf1+ Qxf1 62. b7 Qf2+
63. Ka8 Qf3 64. Ka7 Qe3+ 65. Ka8 Qe4 66. Ka7 Qd4+ 67. Ka8 Qd5 68. Ka7 Qc5+
69. Ka8 Qc6 70. Ka7 Qc7 71. Ka8 Qc6 72. Ka7 Qc5+ 73. Ka8 Qb6 74. b8=Q Qxb8+
75. Kxb8 a4 76. Kc7 h5 77. Kc6 h4 78. Kb5 h3 79. Kxa4 h2 80. b4 h1=Q 81. Ka5
Qd5+ 82. Ka4 Qb7 83. b5 Ke6 84. Kb4 Kd5 85. a4 Kd4 86. Ka5 Kc5 87. b6 Qa8#
{White checkmated}
0-1

[Event "ICC tourney 2822 (30 10)"]
[Site "Internet Chess Club"]
[Date "2022.02.12"]
[Round "3"]
[White "PODDUTURI, AASHRITH:chessprogidy"]
[Black "CAO, DANIEL:danielcao"]
[Result "0-1"]
[ICCResult "White resigns"]
[WhiteElo "1429"]
[BlackElo "1318"]
[Opening "King's Indian: London system"]
[ECO "A48"]
[NIC "QP.03"]
[Time "16:00:20"]
[PlyCount "160"]
[TimeControl "1800+10"]

1. d4 Nf6 2. Nf3 g6 3. Bf4 Bg7 4. e3 O-O 5. Nbd2 d5 6. c3 c6 7. Bd3 Nbd7 8.
Qc2 Nb6 9. O-O Bd7 10. h3 Qc8 11. e4 h6 12. e5 Nh5 13. Bg3 Nxg3 14. fxg3 Be6
15. g4 Nd7 16. Rf2 c5 17. Raf1 cxd4 18. Nxd4 Nxe5 19. Nxe6 Qxe6 20. Re2 Qb6+
21. Kh1 Nxd3 22. Qxd3 Qxb2 23. Rxe7 Qxc3 24. Qxc3 Bxc3 25. Nb1 Bb4 26. Rxb7
a5 27. Rd7 Rad8 28. Rc7 Bd6 29. Rc2 Rfe8 30. Rcf2 Re7 31. Nc3 Bb8 32. Rd1
Rde8 33. Rff1 d4 34. Nd5 Be5 35. Nxe7+ Rxe7 36. Rfe1 Re6 37. Re2 Kf8 38.
Red2 Ke7 39. Kg1 Bf4 40. Rd3 Be3+ 41. Kf1 Kd6 42. Ra3 Re5 43. Rb3 Ke7 44. a4
Re6 45. Re1 Rf6+ 46. Ke2 Rf2+ 47. Kd3 Rxg2 48. Rb5 Kf8 49. Re2 Rg1 50. Rxa5
Rd1+ 51. Ke4 Ra1 52. Rc2 Ke7 53. Ra6 Kf8 54. Rc4 Kg7 55. Ra8 Kf6 56. Ra5 Re1
57. Kd5 d3 58. Kc6 d2 59. Rd5 d1=Q 60. Rxd1 Rxd1 61. a5 Ra1 62. Kb5 Rb1+ 63.
Kc6 Ra1 64. Kb5 Bd2 65. a6 Be3 66. Re4 Bg1 67. h4 g5 68. h5 Rb1+ 69. Kc6
Rb6+ 70. Kc7 Rxa6 71. Re1 Bd4 72. Rf1+ Ke5 73. Rf5+ Ke4 74. Kb7 Rf6 75. Rb5
Kf3 76. Rb4 Rb6+ 77. Rxb6 Bxb6 78. Kxb6 Kxg4 79. Kc6 f5 80. Kd5 f4
{White resigns}
0-1

[Event "ICC tourney 2822 (30 10)"]
[Site "Internet Chess Club"]
[Date "2022.02.12"]
[Round "3"]
[White "Kale, Shubham:shubham07"]
[Black "Sreekumar, Gauri:gsgirl"]
[Result "0-1"]
[ICCResult "White resigns"]
[WhiteElo "1417"]
[BlackElo "1448"]
[Opening "English opening"]
[ECO "D35"]
[NIC "EO.64"]
[Time "16:00:23"]
[PlyCount "64"]
[TimeControl "1800+10"]

1. c4 e6 2. Nc3 d5 3. cxd5 exd5 4. d4 Nf6 5. g3 c5 6. e3 Nc6 7. Bg2 Be6 8.
Nge2 Be7 9. O-O O-O 10. h3 Qd7 11. Kh2 Rfd8 12. g4 Bd6+ 13. f4 Qe7 14. Kh1
Ne4 15. Nxe4 dxe4 16. Bxe4 Qh4 17. Ng1 h5 18. f5 Qg3 19. Qd2 Bc4 20. Rf3 Qh4
21. Qf2 Qxf2 22. Rxf2 cxd4 23. exd4 Bg3 24. Rg2 h4 25. Be3 Nxd4 26. Bxd4
Rxd4 27. Bxb7 Rb8 28. Bf3 Rf4 29. b3 Bd3 30. Rd1 Rd4 31. Rgd2 Rbd8 32. Kg2
Bf1+ {White resigns} 0-1

[Event "ICC tourney 2822 (30 10)"]
[Site "Internet Chess Club"]
[Date "2022.02.12"]
[Round "3"]
[White "JACKSON, MASSIMO MATEO:Yeetamus123"]
[Black "HERREROS, STEPHEN:alekhine1031"]
[Result "0-1"]
[ICCResult "White checkmated"]
[WhiteElo "1383"]
[BlackElo "1492"]
[Opening "Scandinavian (center counter) defense"]
[ECO "B01"]
[NIC "VO.17"]
[Time "16:00:13"]
[PlyCount "88"]
[TimeControl "1800+10"]

1. e4 d5 2. exd5 Qxd5 3. Nf3 Nf6 4. Nc3 Qd6 5. d4 c6 6. g3 Bg4 7. Bg2 e6 8.
Bf4 Qb4 9. Rb1 Nd5 10. Qd2 Na6 11. O-O Be7 12. Nxd5 cxd5 13. Ne5 Bf5 14. c3
Qa5 15. Ra1 f6 16. Nd3 Qb5 17. Nc1 Rc8 18. Nb3 Kf7 19. Rfe1 Rhe8 20. Bf1 Qb6
21. Qe2 g5 22. Bd2 Bd6 23. Qf3 Kg7 24. Qe3 Nb8 25. Be2 Nd7 26. h4 h6 27. g4
Bh7 28. h5 Bf4 29. Qf3 Bxd2 30. Nxd2 Qxb2 31. Red1 Rxc3 32. Qg2 Rec8 33. Bf1
Rc1 34. Nb3 Rxd1 35. Rxd1 Qxa2 36. Nd2 Rc2 37. Nf3 Be4 38. Qg3 Qb3 39. Qd6
Nf8 40. Qe7+ Kg8 41. Nd2 Rxd2 42. Rxd2 Qf3 43. Kh2 Qh1+ 44. Kg3 Qh4#
{White checkmated}
0-1